AoeStats
← Schantiiniiii

Hideout

503233696Analyzed
4v4 RM · 1mo ago on Aug 30, 2026· 42m 18s· 8 players
Game mode
Random Map
Map size
Large (8 player)
Population
200
Speed
Normal
Resources
Standard
Victory
Conquest
Starting age
Dark Age
Ending age
Imperial Age
RankedLock teamsTeams togetherTeam positionsShared explorationLock speedFull tech treeHidden civsTurbo modeCheats
Victory
Defeat
🇩🇪 Persians · Germany
1726
+8
🇨🇭 Burgundians · Switzerland
1669
+11
🇩🇪 Saracens · Germany
1443
+21
🇩🇪 Mongols · Germany
1286
+26
🇦🇹 Saracens · Austria
1556
-17
🇩🇪 Persians · Germany
1548
-17
🇹🇷 Italians · Türkiye
1545
-17
🇻🇳 Poles · Vietnam
1538
-16
Pfienz
10:22 Feudal Age
14:16 Castle Age
12:40 Double-Bit Axe
13:00 Horse Collar
19:24 Wheelbarrow
19:49 Loom
22:06 Bow Saw
22:51 Forging
22:46 Scale Barding Armor
23:24 Bloodlines
24:57 Chain Barding Armor
26:28 Iron Casting
26:05 Husbandry
32:41 Imperial Age
30:30 Gold Mining
30:43 Heavy Plow
32:20 Hand Cart
32:17 Cavalier
33:33 Plate Barding Armor
33:59 Blast Furnace
34:10 Blast Furnace
33:38 Savar
36:48 Heavy Camel Rider
40:08 Crop Rotation
Schantiiniiii
5:59 Double-Bit Axe
6:39 Horse Collar
12:24 Feudal Age
13:49 Bow Saw
16:16 Castle Age
14:35 Heavy Plow
14:58 Scale Barding Armor
17:56 Two-Man Saw
18:52 Chain Barding Armor
18:29 Gold Mining
19:31 Forging
20:06 Forging
21:18 Wheelbarrow
21:31 Forging
23:36 Hand Cart
24:47 Iron Casting
29:49 Loom
30:04 Town Watch
31:03 Gold Shaft Mining
30:20 Stone Mining
35:37 Imperial Age
33:26 Burgundian Vineyards
34:50 Stone Shaft Mining
34:37 Husbandry
35:05 Cavalier
37:10 Plate Barding Armor
39:04 Blast Furnace
38:47 Conscription
39:09 Paladin
40:34 Elite Coustillier
41:11 Fletching
42:18 Bodkin Arrow
GlorysDarkSide
8:46 Feudal Age
9:23 Double-Bit Axe
14:52 Castle Age
13:34 Horse Collar
16:24 Fletching
17:17 Loom
19:05 Padded Archer Armor
22:13 Bow Saw
23:14 Bodkin Arrow
25:05 Heavy Plow
26:27 Leather Archer Armor
28:08 Town Watch
29:36 Husbandry
31:00 Bloodlines
34:06 Fortified Wall
36:24 Ballistics
40:31 Imperial Age
39:53 Wheelbarrow
Serxer
9:31 Feudal Age
10:17 Double-Bit Axe
12:08 Wheelbarrow
12:13 Horse Collar
13:16 Fletching
20:50 Padded Archer Armor
29:22 Loom
34:14 Castle Age
41:03 Bow Saw
40:54 Heavy Plow
M*rpheu$
10:35 Feudal Age
15:19 Castle Age
13:32 Double-Bit Axe
13:57 Horse Collar
17:00 Bow Saw
18:34 Heavy Plow
25:22 Wheelbarrow
26:31 Gold Mining
26:51 Scale Barding Armor
26:58 Forging
29:36 Imperial Age
27:30 Husbandry
27:41 Bloodlines
28:00 Hand Cart
30:09 Chain Barding Armor
30:25 Iron Casting
29:36 Cavalier
31:51 Town Watch
31:51 Loom
33:02 Plate Barding Armor
33:28 Blast Furnace
32:42 Savar
34:09 Conscription
34:43 Gold Shaft Mining
34:37 Town Patrol
38:12 Caravan
41:04 Heavy Camel Rider
Bir durumu var
9:47 Feudal Age
12:02 Double-Bit Axe
12:34 Horse Collar
13:40 Town Watch
14:34 Wheelbarrow
18:06 Castle Age
16:39 Fletching
16:44 Loom
17:12 Padded Archer Armor
17:24 Gold Mining
18:13 Loom
18:15 Crossbowman
19:48 Town Watch
20:48 Bow Saw
23:30 Bodkin Arrow
25:13 Leather Archer Armor
31:22 Imperial Age
30:18 Thumb Ring
31:11 Stone Mining
32:21 Hand Cart
31:48 Arbalester
32:41 Bracer
34:10 Chemistry
35:33 Ring Archer Armor
37:44 Conscription
38:03 Ballistics
37:54 Masonry
37:24 Treadmill Crane
41:13 Architecture
41:29 Pirotechnia
41:49 Capped Ram
thanh7531
9:19 Feudal Age
11:53 Wheelbarrow
11:08 Double-Bit Axe
12:18 Loom
13:02 Bloodlines
21:12 Castle Age
19:41 Horse Collar
21:08 Wheelbarrow
20:20 Town Watch
21:16 Forging
21:13 Scale Barding Armor
23:48 Husbandry
29:22 Hand Cart
31:04 Szlachta Privileges
maxder
9:31 Feudal Age
10:25 Double-Bit Axe
12:46 Loom
13:10 Fletching
17:27 Horse Collar
22:20 Castle Age
20:40 Padded Archer Armor
20:31 Gold Mining
22:49 Wheelbarrow
22:56 Bodkin Arrow
22:22 Crossbowman
23:10 Thumb Ring
22:43 Crossbowman
28:52 Hand Cart
28:22 Town Watch
31:32 Ballistics
Connection lost

Rejoining the realm…

Still unreachable

The connection could not be restored.

Session expired

The server has moved on; the page needs a fresh start.